SAAA
ELLENBURG FIGHTING DACHSUNDS @ VERMONT LAKE MONSTERS
09/12/2024
 
TOP OF THE 1ST
Ellenburg Fighting Dachsunds batting - Pitching for Vermont Lake Monsters : RHP Roberto Cantú
Pitching: RHP Roberto Cantú
Batting: RHB Jesús López 0-0: Foul Ball, location: 2F
0-1: Ball
1-1: Foul Ball, location: 2F
1-2: Ball
2-2: SINGLE (Groundball, 25) (infield hit)
Batting: SHB Dylan Carson 0-0: Swinging Strike
0-1: Ball
1-1: Foul Ball, location: 2F
1-2: Strikes out swinging
Batting: RHB Gerald Clark 0-0: Ball
Jesús López steals 2nd base
1-0: Fly out, F5 (Line Drive, 5)
1-0: Fly out, F5 (Line Drive, 5)
Batting: RHB Pedro Pérez 0-0: Ball
Wild Pitch!
Jesús López to third
1-0: Swinging Strike
1-1: Foul Ball, location: 2F
1-2: Foul Ball, location: 2F
1-2: Foul Ball, location: 2F
1-2: SINGLE (Line Drive, 4M)
Jesús López scores
Batting: RHB Alfredo Martínez 0-0: Ball
1-0: Hit by Pitch
Pedro Pérez to second
Batting: RHB Will Thomas 0-0: Called Strike
0-1: Foul Ball, location: 2F
0-2: Foul Ball, location: 2F
0-2: Ball
1-2: Ball
2-2: Foul Ball, location: 2F
2-2: Foul Ball, location: 2F
2-2: DOUBLE (Groundball, 5L)
Pedro Pérez scores
Alfredo Martínez to third
Runner from 3rd tries for Home, throw and OUT!
Top of the 1st over - 2 run(s), 3 hit(s), 0 error(s), 1 left on base; Ellenburg 2 - Vermont 0
BOTTOM OF THE 1ST
Vermont Lake Monsters batting - Pitching for Ellenburg Fighting Dachsunds : RHP Manny Amici
Pitching: RHP Manny Amici
Batting: LHB Tim Hill 0-0: Called Strike
0-1: Fly out, F8 (Flyball, 8LM)
Batting: RHB Ray John 0-0: Foul Ball, location: 2F
0-1: Ball
1-1: Ball
2-1: Ball
3-1: Called Strike
3-2: SINGLE (Line Drive, 6MD)
Batting: RHB Sean MacKnight 0-0: Swinging Strike
0-1: Ball
1-1: Foul Ball, location: 2F
1-2: Ball
2-2: Foul Ball, location: 2F
2-2: Fly out, F8 (Flyball, 8RXD)
Batting: LHB Manny Valentín 0-0: Ground out U3 (Groundball, 3L)
Bottom of the 1st over - 0 run(s), 1 hit(s), 0 error(s), 1 left on base; Ellenburg 2 - Vermont 0
TOP OF THE 2ND
Ellenburg Fighting Dachsunds batting - Pitching for Vermont Lake Monsters : RHP Roberto Cantú
Batting: RHB Francis Kelly 0-0: Ball
1-0: Ball
2-0: Foul Ball, location: 2F
2-1: Swinging Strike
2-2: Ball
3-2: Strikes out swinging
Batting: LHB Ismael Cabrera 0-0: Ball
1-0: Ball
2-0: Ball
3-0: Base on Balls
Batting: RHB Charles Jordan 0-0: Ball
1-0: Ball
2-0: Swinging Strike
2-1: Foul Ball, location: 2F
2-2: Foul Ball, location: 2F
2-2: Strikes out swinging
Batting: RHB Jesús López 0-0: Ball
1-0: Ball
2-0: Ball
3-0: Called Strike
3-1: SINGLE (Line Drive, 34D)
Ismael Cabrera to second
Batting: SHB Dylan Carson 0-0: Called Strike
0-1: Ball
1-1: Ball
2-1: Foul Ball, location: 2F
2-2: Ball
3-2: Base on Balls
Ismael Cabrera to third
Jesús López to second
Batting: RHB Gerald Clark 0-0: Ball
1-0: Swinging Strike
1-1: Swinging Strike
1-2: Ball
2-2: Strikes out swinging
Top of the 2nd over - 0 run(s), 1 hit(s), 0 error(s), 3 left on base; Ellenburg 2 - Vermont 0
BOTTOM OF THE 2ND
Vermont Lake Monsters batting - Pitching for Ellenburg Fighting Dachsunds : RHP Manny Amici
Batting: RHB Floyd Mitchell 0-0: Ball
1-0: Fly out, F4 (Popup, 34D)
Batting: RHB Chuck Wolf 0-0: Called Strike
0-1: Called Strike
0-2: Ball
1-2: Foul Ball, location: 2F
1-2: Ground out 6-3 (Groundball, 6)
Batting: RHB Domenic Gallard 0-0: Called Strike
0-1: Ball
1-1: Ball
2-1: Foul Ball, location: 2F
2-2: Ball
3-2: Base on Balls
Batting: RHB Raúl Valadez 0-0: Ball
1-0: Ground out U3 (Groundball, 3S)
Bottom of the 2nd over - 0 run(s), 0 hit(s), 0 error(s), 1 left on base; Ellenburg 2 - Vermont 0
TOP OF THE 3RD
Ellenburg Fighting Dachsunds batting - Pitching for Vermont Lake Monsters : RHP Roberto Cantú
Batting: RHB Pedro Pérez 0-0: DOUBLE (Flyball, 8LXD)
Batting: RHB Alfredo Martínez 0-0: Called Strike
0-1: 2-RUN HOME RUN (Line Drive, 7D), Distance : 388 ft
Batting: RHB Will Thomas 0-0: Called Strike
0-1: Ball
1-1: Fly out, F8 (Flyball, 8LD)
Batting: RHB Francis Kelly 0-0: Ball
1-0: Called Strike
1-1: Swinging Strike
1-2: Ball
2-2: SINGLE (Line Drive, 8LS)
Batting: LHB Ismael Cabrera 0-0: Called Strike
0-1: Called Strike
0-2: Ball
1-2: Ball
2-2: Strikes out swinging
Batting: RHB Charles Jordan 0-0: Ball
1-0: Fielders Choice at 2nd, U4 (Groundball, 4M)
Top of the 3rd over - 2 run(s), 3 hit(s), 0 error(s), 1 left on base; Ellenburg 4 - Vermont 0
BOTTOM OF THE 3RD
Vermont Lake Monsters batting - Pitching for Ellenburg Fighting Dachsunds : RHP Manny Amici
Batting: RHB Fernando Castro 0-0: Ball
1-0: Foul Ball, location: 2F
1-1: Called Strike
1-2: Ball
2-2: Foul Ball, location: 2F
2-2: Strikes out swinging
Batting: LHB Tim Hill 0-0: Ball
1-0: Ball
2-0: Foul Ball, location: 2F
2-1: Foul Ball, location: 2F
2-2: Ball
3-2: Base on Balls
Batting: RHB Ray John 0-0: Ball
1-0: Called Strike
1-1: Foul Ball, location: 2F
1-2: Ball
2-2: Foul Ball, location: 2F
2-2: Foul Ball, location: 2F
2-2: Ball
3-2: Foul Ball, location: 2F
3-2: Grounds into double play, 5-4-3 (Groundball, 5)
Bottom of the 3rd over - 0 run(s), 0 hit(s), 0 error(s), 0 left on base; Ellenburg 4 - Vermont 0
TOP OF THE 4TH
Ellenburg Fighting Dachsunds batting - Pitching for Vermont Lake Monsters : RHP Roberto Cantú
Batting: RHB Jesús López 0-0: Ball
1-0: Fly out, F1 (Line Drive, 15)
Batting: SHB Dylan Carson 0-0: Ball
1-0: Ball
2-0: Ball
3-0: Called Strike
3-1: Fly out, F7 (Flyball, 78S)
Batting: RHB Gerald Clark 0-0: DOUBLE (Groundball, 5L)
Batting: RHB Pedro Pérez 0-0: Called Strike
0-1: Ball
1-1: Foul Ball, location: 2F
1-2: Ball
2-2: Foul Ball, location: 2F
2-2: Fly out, F3 (Line Drive, 3)
Top of the 4th over - 0 run(s), 1 hit(s), 0 error(s), 1 left on base; Ellenburg 4 - Vermont 0
BOTTOM OF THE 4TH
Vermont Lake Monsters batting - Pitching for Ellenburg Fighting Dachsunds : RHP Manny Amici
Batting: RHB Sean MacKnight 0-0: Ball
1-0: Ball
2-0: Swinging Strike
2-1: Foul Ball, location: 2F
2-2: Ball
3-2: Fly out, F8 (Flyball, 8RM)
Batting: LHB Manny Valentín 0-0: Ball
1-0: Foul Ball, location: 2F
1-1: Ball
2-1: Foul Ball, location: 2F
2-2: Fly out, F4 (Popup, 4D)
Batting: RHB Floyd Mitchell 0-0: Ground out 6-3 (Groundball, 6)
Bottom of the 4th over - 0 run(s), 0 hit(s), 0 error(s), 0 left on base; Ellenburg 4 - Vermont 0
TOP OF THE 5TH
Ellenburg Fighting Dachsunds batting - Pitching for Vermont Lake Monsters : RHP Roberto Cantú
Batting: RHB Alfredo Martínez 0-0: Ball
1-0: Fly out, F7 (Line Drive, 7S)
Batting: RHB Will Thomas 0-0: Ball
1-0: Ball
2-0: Called Strike
2-1: Ball
3-1: Ground out 5-3 (Groundball, 5S)
Batting: RHB Francis Kelly 0-0: Called Strike
0-1: Ball
1-1: TRIPLE (Line Drive, 78M)
Pitching: RHP Wilson Vélez
Batting: LHB Ismael Cabrera 0-0: Called Strike
0-1: Foul Ball, location: 2F
0-2: Ball
1-2: Ball
2-2: Strikes out swinging
Top of the 5th over - 0 run(s), 1 hit(s), 0 error(s), 1 left on base; Ellenburg 4 - Vermont 0
BOTTOM OF THE 5TH
Vermont Lake Monsters batting - Pitching for Ellenburg Fighting Dachsunds : RHP Manny Amici
Batting: RHB Chuck Wolf 0-0: Ball
1-0: Ball
2-0: Ball
3-0: Called Strike
3-1: Ground out 3-1 (Groundball, 34)
Batting: RHB Domenic Gallard 0-0: Called Strike
0-1: Ground out 4-3 (Groundball, 4M)
Batting: RHB Raúl Valadez 0-0: Ball
1-0: Called Strike
1-1: Ball
2-1: Ball
3-1: Base on Balls
Batting: RHB Fernando Castro 0-0: Called Strike
0-1: Ball
1-1: Foul Ball, location: 2F
1-2: Ball
2-2: Fielders Choice at 2nd, U6 (Groundball, 6M)
Bottom of the 5th over - 0 run(s), 0 hit(s), 0 error(s), 1 left on base; Ellenburg 4 - Vermont 0
TOP OF THE 6TH
Ellenburg Fighting Dachsunds batting - Pitching for Vermont Lake Monsters : RHP Wilson Vélez
Batting: RHB Charles Jordan 0-0: Called Strike
0-1: Swinging Strike
0-2: Strikes out swinging
Batting: RHB Jesús López 0-0: Called Strike
0-1: Ball
1-1: Swinging Strike
1-2: Strikes out looking
Batting: SHB Dylan Carson 0-0: Hit by Pitch
Batting: RHB Gerald Clark 0-0: Called Strike
0-1: Ground out 1-3 (Groundball, 13S)
Top of the 6th over - 0 run(s), 0 hit(s), 0 error(s), 1 left on base; Ellenburg 4 - Vermont 0
BOTTOM OF THE 6TH
Vermont Lake Monsters batting - Pitching for Ellenburg Fighting Dachsunds : RHP Manny Amici
Batting: LHB Tim Hill 0-0: Ball
1-0: Foul Ball, location: 2F
1-1: Called Strike
1-2: Ball
2-2: Ball
3-2: Foul Ball, location: 2F
3-2: Fly out, F5 (Popup, 25F)
Batting: RHB Ray John 0-0: Called Strike
0-1: Foul Ball, location: 2F
0-2: Ground out 5-3 (Groundball, 5S)
Batting: RHB Sean MacKnight 0-0: Ball
1-0: Called Strike
1-1: Ground out 5-3 (Groundball, 5L)
Bottom of the 6th over - 0 run(s), 0 hit(s), 0 error(s), 0 left on base; Ellenburg 4 - Vermont 0
TOP OF THE 7TH
Ellenburg Fighting Dachsunds batting - Pitching for Vermont Lake Monsters : RHP Wilson Vélez
Batting: RHB Pedro Pérez 0-0: Swinging Strike
0-1: Ball
1-1: Called Strike
1-2: Foul Ball, location: 2F
1-2: Ball
2-2: Ball
3-2: Strikes out swinging
Batting: RHB Alfredo Martínez 0-0: Called Strike
0-1: DOUBLE (Flyball, 8RXD)
Batting: RHB Will Thomas 0-0: Called Strike
0-1: Foul Ball, location: 2F
0-2: Fly out, F7 (Flyball, 7D)
Runner from 2nd tags up, SAFE at 3rd, no throw
Batting: RHB Francis Kelly 0-0: Foul Ball, location: 2F
0-1: Swinging Strike
0-2: Strikes out swinging
Top of the 7th over - 0 run(s), 1 hit(s), 0 error(s), 1 left on base; Ellenburg 4 - Vermont 0
BOTTOM OF THE 7TH
Vermont Lake Monsters batting - Pitching for Ellenburg Fighting Dachsunds : RHP Manny Amici
Batting: LHB Manny Valentín 0-0: Swinging Strike
0-1: Ground out U3 (Groundball, 3)
Batting: RHB Floyd Mitchell 0-0: Ball
1-0: Ball
2-0: Called Strike
2-1: Ball
3-1: Base on Balls
Batting: RHB Chuck Wolf 0-0: Ball
1-0: Swinging Strike
1-1: Swinging Strike
1-2: Foul Ball, location: 2F
1-2: Ball
2-2: Strikes out swinging
Batting: RHB Domenic Gallard 0-0: Called Strike
0-1: Swinging Strike
0-2: Strikes out swinging
Bottom of the 7th over - 0 run(s), 0 hit(s), 0 error(s), 1 left on base; Ellenburg 4 - Vermont 0
TOP OF THE 8TH
Ellenburg Fighting Dachsunds batting - Pitching for Vermont Lake Monsters : RHP Wilson Vélez
Batting: LHB Ismael Cabrera 0-0: Ball
1-0: Ball
2-0: Ball
3-0: Called Strike
3-1: Base on Balls
Batting: RHB Charles Jordan 0-0: Bunted foul
0-1: Bunted foul
0-2: Ball
1-2: Strikes out swinging
Batting: RHB Jesús López 0-0: Ball
1-0: Swinging Strike
1-1: Ball
2-1: Called Strike
2-2: Ball
3-2: Base on Balls
Ismael Cabrera to second
Batting: SHB Dylan Carson 0-0: Called Strike
0-1: Ball
1-1: Ball
2-1: Swinging Strike
2-2: Foul Ball, location: 2F
2-2: Ball
3-2: Foul Ball, location: 2F
3-2: Base on Balls
Ismael Cabrera to third
Jesús López to second
Batting: RHB Gerald Clark 0-0: Called Strike
0-1: Ball
1-1: Fly out, F9 (Flyball, 9M)
Batting: RHB Pedro Pérez 0-0: SINGLE (Groundball, 56)
Ismael Cabrera scores
Jesús López to third
Dylan Carson to second
Runner from 3rd tries for Home, SAFE, no throw or cutoff
Batting: RHB Alfredo Martínez 0-0: Ball
1-0: Fly out, F8 (Flyball, 8LD)
Top of the 8th over - 2 run(s), 1 hit(s), 0 error(s), 2 left on base; Ellenburg 6 - Vermont 0
BOTTOM OF THE 8TH
Vermont Lake Monsters batting - Pitching for Ellenburg Fighting Dachsunds : RHP Manny Amici
Now in LF: Howard Kelly
Batting: RHB Raúl Valadez 0-0: Swinging Strike
0-1: Fly out, F1 (Popup, 15S)
Batting: RHB Fernando Castro 0-0: Ground out 5-3 (Groundball, 5)
Batting: LHB Tim Hill 0-0: Ball
1-0: Ball
2-0: Foul Ball, location: 2F
2-1: Ball
3-1: DOUBLE (Line Drive, 8LS)
Pitching: RHP Elvin Glass
Batting: RHB Ray John 0-0: Swinging Strike
0-1: Ball
1-1: Ball
2-1: Swinging Strike
2-2: Ball
3-2: Base on Balls
Batting: RHB Sean MacKnight 0-0: Ball
1-0: Called Strike
1-1: Ball
2-1: Ball
3-1: Called Strike
3-2: SINGLE (Groundball, 56)
Tim Hill to third
Ray John to second
Tim Hill scores
Ray John to third
Batting: LHB Manny Valentín 0-0: Swinging Strike
0-1: Foul Ball, location: 2F
0-2: Foul Ball, location: 2F
0-2: Strikes out swinging
Bottom of the 8th over - 1 run(s), 2 hit(s), 0 error(s), 2 left on base; Ellenburg 6 - Vermont 1
TOP OF THE 9TH
Ellenburg Fighting Dachsunds batting - Pitching for Vermont Lake Monsters : RHP Wilson Vélez
Pitching: RHP Jim Unknown
Batting: RHB Will Thomas 0-0: Ball
1-0: Called Strike
1-1: Ball
2-1: Foul Ball, location: 2F
2-2: Ground out 5-3 (Groundball, 5S)
Batting: RHB Francis Kelly Reached via error on a dropped throw, E3
Batting: LHB Ismael Cabrera 0-0: Ball
1-0: Called Strike
1-1: Ball
2-1: Foul Ball, location: 2F
2-2: SINGLE (Line Drive, 4M)
Francis Kelly to second
Batting: RHB Charles Jordan 0-0: Swinging Strike
0-1: Foul Ball, location: 2F
0-2: Ball
1-2: Ball
2-2: Foul Ball, location: 2F
2-2: Ball
3-2: Foul Ball, location: 2F
3-2: Base on Balls
Francis Kelly to third
Ismael Cabrera to second
Batting: RHB Jesús López 0-0: Ball
1-0: Foul Ball, location: 2F
1-1: Fly out, F9 (Flyball, 9S)
Batting: SHB Dylan Carson 0-0: Called Strike
0-1: Called Strike
0-2: Strikes out swinging
Top of the 9th over - 0 run(s), 1 hit(s), 1 error(s), 3 left on base; Ellenburg 6 - Vermont 1
BOTTOM OF THE 9TH
Vermont Lake Monsters batting - Pitching for Ellenburg Fighting Dachsunds : RHP Elvin Glass
Pitching: RHP Ed White
Now at 1B: Sherman Davis
Now at 3B: Tim Burnett
Batting: RHB Floyd Mitchell 0-0: Called Strike
0-1: Ball
1-1: Ball
2-1: Swinging Strike
2-2: Strikes out swinging
Batting: RHB Chuck Wolf 0-0: Ball
1-0: Foul Ball, location: 2F
1-1: Swinging Strike
1-2: Ball
2-2: Foul Ball, location: 2F
2-2: Foul Ball, location: 2F
2-2: SINGLE (Groundball, 5L)
Batting: RHB Domenic Gallard 0-0: Ball
1-0: Called Strike
1-1: Foul Ball, location: 2F
1-2: Ball
2-2: Grounds into double play, 4-6-3 (Groundball, 4)
Bottom of the 9th over - 0 run(s), 1 hit(s), 0 error(s), 0 left on base; Ellenburg 6 - Vermont 1
This league is powered by Out of the Park Baseball, the baseball management simulation game for PC, Mac and Linux
Monday, October 3rd, 2016 - OOTP Baseball 16.9 Build 39